 Dungeon Crawl Stone Soup version 0.31-a0-426-g3a05650e59 (webtiles) character file.

Game seed: 7522439961317586898

12 night the Ruffian (level 2, -5/14 HPs)
             Began as a Vine Stalker Shapeshifter on July 30, 2023.
             Slain by a gnoll
             ... wielding a +0 whip
              (7 damage)
             ... on level 1 of the Dungeon.
             The game lasted 00:01:11 (236 turns).

night the Ruffian (Vine Stalker Shapeshifter)        Turns: 236, Time: 00:01:11

Health: -5/14      AC:  2    Str: 17    XL:     2   Next: 33%
Magic:  0/3        EV: 12    Int:  8    God:
Gold:   23         SH:  0    Dex: 14    Spells: 1/1 levels left

rFire   . .          .
                       - Unarmed
rCold   . . .        (no shield)
rNeg    . . .        a - +0 animal skin
rPois   .            (helmet currently unavailable)
rElec   .            (cloak currently unavailable)
rCorr   .            (gloves currently unavailable)
SInv    .            (boots currently unavailable)
Will    .....        (no amulet)
Stlth   +            (no ring)
HPRegen 0.22/turn    (no ring)
MPRegen 0.08/turn

%: guardian spirit
@: beast-form
A: beast (slay +2), fangs 2, magic shield, antimagic bite, no potion heal 2
a: Begin Untransformation


You were on level 1 of the Dungeon.
You were a hulking beast.
You visited 1 branch of the dungeon, and saw 1 of its levels.

You collected 23 gold pieces.

Inventory:

Armour
 a - a +0 animal skin (worn)
Talismans
 c - a beast talisman (active)
Scrolls
 d - a scroll of amnesia {unknown}
 e - a scroll of identify {unknown}
Potions
 b - a potion of lignification


   Skills:
 + Level 1.2 Fighting
 - Level 1.5 Dodging
 * Level 3.3 Unarmed Combat
 + Level 3.1 Shapeshifting


You had one spell level left.
You didn't know any spells.
Your spell library contained the following spells:

 Spells                   Type           Power      Damage    Failure   Level
 Apportation              Tloc           0%         N/A       41%         1
 Alistair's Intoxication  Tmut/Pois      0%         N/A       100%        5


Dungeon Overview and Level Annotations

Branches:
Dungeon (1/15)

Altars:


Innate Abilities, Weirdness & Mutations

You are a hulking beast.
Your limbs bulge with bestial killing power. (Slay +2)
You have extremely sharp teeth.
When hurt, damage is shared between your health and your magic reserves.
Your bite disrupts and absorbs the magic of your enemies.
Potions cannot restore your health.


Message History

No target in view!
You pick up a book of Party Tricks and begin reading...
You add the spells Apportation and Alistair's Intoxication to your library.
You see here a +4 flail.
A quokka comes into view.
The helpless quokka fails to defend itself.
You hit the quokka. You bite the quokka.
You kill the quokka!
No target in view!
e - a scroll labelled COL CAJIGATULASM You open the door.
There is an open door here.
Found a stone staircase leading down.
A gnoll and a dart slug come into view.
The gnoll shouts!
A bat comes into view.
The gnoll hits you with a +0 whip.
You hit the gnoll but do no damage. The gnoll closely misses you.
The gnoll attacks as you move away! The gnoll closely misses you.
The bat attacks as you move away! The bat misses you. The bat hits you.
You hit the gnoll but do no damage. You bite the gnoll. You drain its power.
You feel invigorated.
The gnoll is lightly wounded.
The gnoll hits you with a +0 whip.
You hit the gnoll. You bite the gnoll. You drain its power.
You feel invigorated.
The gnoll is severely wounded.
The gnoll misses you.
You closely miss the gnoll. Your bite misses the gnoll.
The gnoll is severely wounded.
The gnoll hits you with a +0 whip!
* * * LOW HITPOINT WARNING * * *
You barely miss the gnoll.
The gnoll is severely wounded.
The gnoll barely misses you.
You closely miss the gnoll.
The gnoll is severely wounded.
The gnoll hits you with a +0 whip!
Ouch! That really hurt!
You die...

#...####....†.......
#..##......####.....
#.##........# #.....
#...........###.....
###............##.....
##............#.##.....
#..######.#.>##.#......
#.## #................
#h# #..........###...
##g# #...†....... ....
#wb# #..........#
#.......#..........#.#
#.........#...........
#...#...#########..#.
#...#>#..# .## #... #
..# # #... ...


You could see a gnoll, a dart slug and a bat.

Vanquished Creatures
  A ball python (D:1)
  2 endoplasms (D:1)
  4 hobgoblins (D:1)
  A quokka (D:1)
  A bat (D:1)
  A rat (D:1)
10 creatures vanquished.

Notes
Turn   | Place    | Note
-------+----------+-------------------------------------------
     0 | D:1      | night the Vine Stalker Shapeshifter began the quest for the
                  | Orb.
     0 | D:1      | Reached XP level 1. HP: 9/9 MP: 2/2
    37 | D:1      | Reached skill level 1 in Fighting
   109 | D:1      | Reached XP level 2. HP: 12/14 MP: 3/3
   234 | D:1      | HP: 2/14 [gnoll/+0 whip (4)]
   236 | D:1      | Slain by a gnoll

Illustrated notes

Levels and vault maps discovered:
D:1:      amcnicky_arrival_feature_with_door, layout_rooms,
          dreamdust_ecumenical_altar_grove, dreamdust_wishing_well,
          st_stairs_14, hangedman_feature_mirror, minmay_misc_feat_tiny,
          minmay_heptomino_o4

Skill      XL: |  1 |
---------------+----+-----
Fighting       | 1 |  1.2
Dodging        | |  1.5
Unarmed Combat | |  3.3
Shapeshifting  | |  3.1

Action                     || total
---------------------------++-------
  Melee: Unarmed           ||    26
         Bite              ||     6
   Stab: Sleeping          ||     1
  Dodge: Dodged            ||    13

Table legend: (Time is in decaauts)
 A = Elapsed time spent in this place.
 B = Non-inter-level travel time spent in this place.
 C = Inter-level travel time spent in this place.
 D = Time resting spent in this place.
 E = Time spent auto-exploring this place.
 F = Levels seen in this place.
 G = Mean time per level.
                   A        B        C        D        E       F      G
               +--------+--------+--------+--------+--------+-----+--------+
         Total |    234 |    234 |      0 |      0 |    145 |   1 |  234.0 |
       Dungeon |    234 |    234 |      0 |      0 |    145 |   1 |  234.0 |
               +--------+--------+--------+--------+--------+-----+--------+

Top non-repeatable levels by time:
     D:1: 234 daAuts
